[Event "Sunway Sitges Chess Festival"]
[Date "2024.12.22"]
[White "Hu, Jiani"]
[Black "Liu, Yi"]
[WhiteElo "2101"]
[BlackElo "2261"]
[Round "10.30"]
[Result "0-1"]
[TimeControl "40/5400+30:1800+30"]

1. e4 e6 2. d4 d5 3. exd5 exd5 4. Bd3 c5 5. Qe2+ Be7 6. dxc5 Nf6 7. Nc3 O-O 8. Bf4 Bxc5 9. O-O-O Qa5 10. Kb1 Re8 11. Qd2 Nc6 12. Nb5 Qxd2 13. Bxd2 Re7 14. Bf4 Ng4 15. Nh3 Nge5 16. Bxe5 Nxe5 17. Nf4 Be6 18. Nxe6 fxe6 19. f3 a6 20. Nc3 b5 21. Ne2 Rf8 22. Rhe1 g5 23. a4 Nxd3 24. Rxd3 bxa4 25. Nd4 e5 26. Nc6 Re6 27. Rxd5 Rxc6 28. Rexe5 Rfc8 29. Rxg5+ Kh8 30. Rd7 R6c7 31.
Rxc7 Rxc7 32. Rg4 a3 33. bxa3 Bxa3 34.
Ra4 Rb7+ 35. Ka2 Bd6 36. Rxa6 Bxh2 37.
g4 Kg7 38. c4 Bg1 39. Rd6 Rf7 40. Rd3 Kg6 41. Kb3 Kg5 42. Kc3 Kf4 43. Kd2 Ra7 44. Rc3 Be3+ 45. Kc2 Bc5 46. Rb3 Ra2+ 47. Kb1 Ra4 48. Rc3 Ra3 49. Rc2 Rxf3 50. Rh2 0-1

[Variant "Standard"]
[Site "Europe Echecs"]

[Event "Sunway Sitges Chess Festival"]
[Date "2024.12.22"]
[White "Yang, Qindong"]
[Black "Vivaan Rana"]
[WhiteElo "2258"]
[BlackElo "1899"]
[Round "10.31"]
[Result "1-0"]
[TimeControl "40/5400+30:1800+30"]

1. Nf3 d5 2. g3 Nf6 3. Bg2 c6 4. O-O Bg4 5. d3 Nbd7 6. c4 e6 7. h3 Bf5 8. Nh4 Bg6 9.
cxd5 exd5 10. Qc2 Bd6 11. e4 O-O 12. Nc3 dxe4 13. dxe4 Nh5 14. Rd1 Qc7 15. Qd3 Bc5 16. Be3 Ne5 17. Qe2 Be7 18. Nf5 Rfd8 19. g4 Nf6 20. Nxe7+ Qxe7 21. f4 Ned7 22. f5 h6 23. fxg6 fxg6 24. Bf4 Ne5 25. Rxd8+ Rxd8 26. Rd1 Rf8 27.
Bxe5 Qxe5 28. Qc4+ Kh7 29. Qd4 Qg5 30. e5 Ne8 31. Ne4 Qh4 32. Qd8 g5 33. Qe7 Kg8 34. Rf1 Rxf1+ 35. Kxf1 1-0

[Variant "Standard"]
[Site "Europe Echecs"]

[Event "Sunway Sitges Chess Festival"]
[Date "2024.12.22"]
[White "Koh, Ming Yao Gavin"]
[Black "Shukhman, Anna"]
[WhiteElo "1995"]
[BlackElo "2245"]
[Round "10.32"]
[Result "0-1"]
[TimeControl "40/5400+30:1800+30"]

1. d4 Nf6 2. c4 g6 3. Nc3 d5 4. cxd5 Nxd5 5. e4 Nxc3 6. bxc3 Bg7 7. Bc4 c5 8. Ne2 O-O 9. O-O Nc6 10. Be3 b6 11. Rc1 Bb7 12. Bb5 Rc8 13. h4 cxd4 14. cxd4 Nxd4 15. Rxc8 Nxe2+ 16. Qxe2 Qxc8 17. f3 Qb8 18. Bg5 Bd4+ 19. Kh1 Qg3 20. f4 Rc8 21. Bxe7 Rc7 22. Bd8 Rc3 23. Qe1 Qg4 24. Kh2 Re3 25. Qf2 Bxe4 0-1

[Variant "Standard"]
[Site "Europe Echecs"]

[Event "Sunway Sitges Chess Festival"]
[Date "2024.12.22"]
[White "Diaz Rosas, Julio Cesar"]
[Black "Wang, Lachlan"]
[WhiteElo "2401"]
[BlackElo "1848"]
[Round "10.33"]
[Result "1-0"]
[TimeControl "40/5400+30:1800+30"]

1. d4 Nf6 2. c4 g6 3. Nc3 Bg7 4. e4 d6 5. Be2 O-O 6. Be3 e5 7. d5 a5 8. g4 Na6 9. g5 Nd7 10. h4 Ndc5 11. h5 c6 12. Nf3 a4 13. Nd2 Qa5 14. a3 Bd7 15. f3 Rfc8 16. Kf2 Nc7 17. Qg1 cxd5 18. cxd5 Nb5 19. hxg6 hxg6 20. Nc4 Qc7 21. Nxb5 Bxb5 22. Rc1 Bxc4 23. Rxc4 Qd7 24. Qf1 Nb3 25. Qh3 Qxh3 26. Rxh3 Rxc4 27. Bxc4 Rc8 28. Bxb3 axb3 29. Kg3 Bf8 30. Rh2 Be7 31. Rd2 Kf8 32. Rd3 Ke8 33. Rxb3 Rc7 34. Kf2 Kd7 35. Ke2 Kc8 36. Kd3 Kb8 37. Rc3 Rd7 38. Rc2 Rd8 39. Rh2 Rf8 40. Rh7 Kc7 41. a4 Bd8 42. b4 Kd7 43. a5 Kc8 44. Rg7 Be7 45. b5 Bd8 46. b6 Kb8 47. Kc4 Be7 48. Kb5 Bd8 49. f4 exf4 50. Bxf4 Be7 51. e5 dxe5 52. Bxe5+ Ka8 53. Bf4 Rd8 54. d6 Bf8 55. Rxf7 Bxd6 56. Bxd6 Re8 57. a6 Re5+ 58. Bxe5 1-0

[Variant "Standard"]
[Site "Europe Echecs"]

[Event "Sunway Sitges Chess Festival"]
[Date "2024.12.22"]
[White "Singh, Siddharth"]
[Black "Degraeve, Remy"]
[WhiteElo "2107"]
[BlackElo "2400"]
[Round "10.34"]
[Result "0-1"]
[TimeControl "40/5400+30:1800+30"]

1. e4 e5 2. Nf3 Nc6 3. Bb5 a6 4. Ba4 Nf6 5. O-O d6 6. Bxc6+ bxc6 7. d4 exd4 8. Nxd4 c5 9. Nc6 Qd7 10. Na5 Qa4 11. Bd2 Be7 12. Re1 Bg4 13. f3 Be6 14. Kh1 O-O 15. Nc3 Qd7 16. Qe2 c6 17. Rad1 Qc7 18. Nb3 a5 19. Na4 Nd7 20. Bf4 Qb7 21. Bxd6 Bxd6 22. Rxd6 Qb4 23. Rxd7 Bxd7 24. Nbxc5 Be6 25. b3 Rad8 26. c3 Qb5 27. Qc2 Qb8 28. Qc1 Bc8 29. e5 Rfe8 30. f4 Bf5 31. h3 Qa7 32. Qe3 Qe7 33. Qf2 h5 34. Kh2 f6 35. c4 fxe5 36. fxe5 Qg5 37. Re2 Re7 38. Qf3 Rde8 39. Qxc6 h4 40. Qd5+ Kh8 41. e6 Qg3+ 42. Kh1 Bg6 43. Nb6 Rf8 44. Kg1 Qf4 45. Qd2 Qc7 46. Ncd7 Rfe8 47. Qd5 Qf4 48. c5 Bf5 49. Ne5 Qc1+ 50. Kh2 Qf4+ 51. Kg1 Kh7 52. Nbc4 Qc1+ 53. Kh2 Qf4+ 54. Kg1 Bxe6 55. Qe4+ Qxe4 56. Rxe4 Bxc4 57. Rxh4+ Kg8 58. Nxc4 Re1+ 59. Kh2 Rc8 60. Nxa5 Rxc5 61. Nc4 Rg5 62. Nd6 Re2 63. Rh8+ Kxh8 64. Nf7+ Kg8 65. Nxg5 Rxa2 66. Ne4 Rb2 67. Nc5 Kf7 68. Kg3 Kf6 69. Kf3 Kf5 70. g4+ Kg6 71. Kf4 Rh2 72. Kg3 Rd2 73. Kf3 Rd5 74. b4 Rd4 75. h4 Rxb4 76. Ne4 Rb1 77. Ng3 Kf6 78. Nh5+ Kf7 79. Ng3 Rb4 80. Nh5 Rb2 81. Kf4 Kg6 82. Kf3 Rb4 83. Nf4+ Kf7 84. Nh5 Ra4 85. Nf4 Ra3+ 86. Ke4 Ra5 87. Ke3 Ra1 88. Kf3 Rf1+ 89. Kg3 Rg1+ 90. Kf3 Re1 91. Kf2 Re7 92. Kf3 Ra7 93. Ke4 Ra3 94. Nd3 Kf6 95. Ke3 Ke6 96. Ke4 Ra4+ 97. Kf3 Kd6 98. Nf4 Ke5 99. Ng6+ Kf6 100. Nf4 Ra3+ 101. Ke4 Kf7 102. Nd3 Ra1 103.
Kf4 Kf6 104. Kf3 Rh1 105. Kg3 Ke6 106. Nf2 Rf1 107. Kg2 Ra1 108. Kf3 Ke5 109. Nd3+ Kd4 110. Nf2 Ra2 111. Ne4 Ra8 112. Ng3 Ke5 113.
h5 Ra3+ 114. Kf2 Kf4 115. Nf5 Ra7 116. h6 g5 117. Ne3 Ra2+ 118. Kg1 Kxe3 119. Kf1 Rh2 120. Ke1 Rh1# 0-1

[Variant "Standard"]
[Site "Europe Echecs"]

[Event "Sunway Sitges Chess Festival"]
[Date "2024.12.22"]
[White "Shah Jeet"]
[Black "Shamatava, Nikolozi"]
[WhiteElo "2052"]
[BlackElo "2334"]
[Round "10.35"]
[Result "0-1"]
[TimeControl "40/5400+30:1800+30"]

1. e4 e5 2. Nf3 Nc6 3. Bc4 Bc5 4. c3 Nf6 5. d3 O-O 6. Nbd2 d6 7. Bb3 a6 8. h3 Be6 9. Nf1 h6 10. Ng3 d5 11. Qe2 Re8 12. O-O Ba7 13. Be3 d4 14. Bd2 Qd7 15. Bxe6 Rxe6 16. c4 Bc5 17. Nf5 Bf8 18. g4 Nh7 19. Kh2 Qd8 20. h4 b5 21. Rac1 Rb8 22. b3 b4 23. Rg1 a5 24. Rg3 Ne7 25. Rcg1 Rbb6 26. Ne1 Nxf5 27. exf5 Re8 28. g5 hxg5 29. hxg5 Bd6 30. Qe4 Qa8 31. Rg4 Qxe4 32. dxe4 Nf8 33. R1g3 Nd7 34. Rh3 Kf8 35. Rh7 Ke7 36. Rxg7 Rh8+ 37. Kg2 Kf8 38. f6 Ke8 39. Nf3 Bf8 40. Rh4 Rxh4 41. Nxh4 Nc5 42. Rg8 Nxe4 43. Bc1 d3 44. Nf3 Rd6 45. Bd2 Rd8 46. Kf1 Ra8 47. Ke1 a4 48. g6 fxg6 49. Bh6 Kd7 50. Nxe5+ Ke6 51. Rxf8 axb3 52. f7 Rxf8 53. axb3 d2+ 54. Ke2 Rd8 55. Bxd2 Rxd2+ 56. Ke3 Rxf2 57. Kxe4 g5 58. Ke3 Rxf7 59. Nc6 Kd6 60. Nxb4 g4 61. c5+ Kxc5 62. Nd3+ Kb5 63. Nc1 g3 64. Ne2 g2 65. Kd4 0-1

[Variant "Standard"]
[Site "Europe Echecs"]

[Event "Sunway Sitges Chess Festival"]
[Date "2024.12.22"]
[White "Lam, Chun Yung Samuel"]
[Black "Filgueiras, Nathan Felipe"]
[WhiteElo "2065"]
[BlackElo "2328"]
[Round "10.36"]
[Result "0-1"]
[TimeControl "40/5400+30:1800+30"]

1. e4 c5 2. Nf3 Nc6 3. d4 cxd4 4. Nxd4 e5 5. Nb5 d6 6. N1c3 a6 7. Na3 Be6 8. Nc4 Rb8 9. g3 h5 10. h3 g6 11. Ne3 Bh6 12. Bg2 h4 13. g4 Rc8 14. O-O Nf6 15. Ncd5 Bxd5 16. Nxd5 Bxc1 17. Rxc1 Nxd5 18. exd5 Nb8 19. f4 Nd7 20. c4 O-O 21. f5 Qg5 22. Rc3 Rce8 23. Qc1 Qxc1 24. Rcxc1 a5 25. Be4 Nc5 26. Rfe1 Kg7 27. Kf2 Rb8 28. Ke3 b5 29. b3 bxc4 30. Rxc4 Rb5 31. g5 Nxe4 32. Kxe4 gxf5+ 33. Kxf5 Rxd5 34.
Ree4 Rd2 35. Rxh4 Rf2+ 36. Ke4 Rxa2 37.
Rc6 Rb8 38. Rh6 Rb4+ 39. Rc4 Rxc4+ 40.
bxc4 Rd2 41. c5 Rd4+ 42. Ke3 dxc5 43.
Rc6 c4 44. Rc5 a4 45. Rxe5 Rd3+ 46. Ke2 Rxh3 47. Rc5 a3 48. Rxc4 Rh1 0-1

[Variant "Standard"]
[Site "Europe Echecs"]

[Event "Sunway Sitges Chess Festival"]
[Date "2024.12.22"]
[White "Schippke, Manon"]
[Black "Koridze, Lile"]
[WhiteElo "2213"]
[BlackElo "2107"]
[Round "10.39"]
[Result "1/2-1/2"]
[TimeControl "40/5400+30:1800+30"]

1. d4 Nf6 2. c4 e6 3. Nc3 Bb4 4. a3 Bxc3+ 5. bxc3 b6 6. f3 d5 7. cxd5 exd5 8. e3 O-O 9. Bd3 c5 10. Ne2 Nc6 11. O-O Re8 12. Ng3 Be6 13. a4 Qc7 14. Ba3 Na5 15. e4 cxd4 16. cxd4 dxe4 17. fxe4 Ng4 18. d5 Bd7 19. Bb2 Qc5+ 20. Kh1 Nf2+ 21. Rxf2 Qxf2 22. Rb1 Rac8 23. e5 Qe3 24. Bd4 Qh6 25. Ne4 Bf5 26. Nf6+ gxf6 27. Bxf5 Rcd8 28. exf6 Rxd5 29. Qg4+ Kh8 30. h3 Rg8 31. Qe4 Rd6 32. Be5 Re8 33. Re1 Rdd8 34. Kh2 Qg5 35. Re3 Qh6 36. Rg3 Nc4 37. Bf4 Qxf6 38. Qxc4 Qxf5 39. Bg5 f6 40. Qf7 Qxg5 41. Rxg5 fxg5 42. Qxa7 Re6 1/2-1/2

[Variant "Standard"]
[Site "Europe Echecs"]

[Event "Sunway Sitges Chess Festival"]
[Date "2024.12.22"]
[White "Bous, Florian"]
[Black "Schulman, Julia"]
[WhiteElo "1995"]
[BlackElo "1852"]
[Round "10.40"]
[Result "0-1"]
[TimeControl "40/5400+30:1800+30"]

1. d4 Nf6 2. c4 e6 3. Nf3 a6 4. Bg5 d5 5. Nc3 Be7 6. e3 O-O 7. Qc2 h6 8. Bh4 dxc4 9. Bxc4 b5 10. Bd3 Bb7 11. O-O Nbd7 12. a4 b4 13. Ne4 a5 14. Rac1 Rc8 15. Bxf6 Bxf6 16. Nfd2 Be7 17. Nc5 Nxc5 18. dxc5 Bxc5 19. Rfd1 Bd6 20. Nc4 Qg5 21. Bh7+ Kh8 22. Be4 Bxh2+ 23. Kf1 Bxe4 24. Qxe4 Bd6 25. f4 Qh5 26. Kf2 Qh4+ 27. Kf3 f5 28. Qxe6 Qg4+ 29. Kf2 Rce8 30. Qd5 Rf6 31. g3 Rg6 32. Qf3 Qxf3+ 33. Kxf3 Rge6 34. Rd5 g6 35. Rxa5 R8e7 36. Rd1 Re4 37. b3 Re8 38. Rd3 Kg8 39. Ra6 g5 40. Nxd6 cxd6 41. Raxd6 g4+ 42. Ke2 Kg7 43.
R6d4 Rxd4 44. Rxd4 Rb8 45. Kd3 h5 46. e4 fxe4+ 47. Kxe4 Re8+ 48. Kf5 Re3 49. Rxb4 Rxg3 50. Rb7+ Kh6 51. Rb6+ Kg7 52. a5 Rd3 53. a6 g3 54. Rg6+ Kf7 55. Kg5 g2 56. Kh6 Rd6 57. Rxd6 g1=Q 58. Rd7+ Kf6 59. Kh7 Qg6+ 60. Kh8 Qe8+ 0-1

[Variant "Standard"]
[Site "Europe Echecs"]

[Event "Sunway Sitges Chess Festival"]
[Date "2024.12.22"]
[White "Schmitt, Carsten"]
[Black "Sayce, Hannah"]
[WhiteElo "1976"]
[BlackElo "1821"]
[Round "10.41"]
[Result "1-0"]
[TimeControl "40/5400+30:1800+30"]

1. c4 e5 2. g3 Nf6 3. Bg2 d5 4. cxd5 Nxd5 5. Nc3 Nb6 6. Nf3 Nc6 7. O-O Be7 8. d3 O-O 9. Be3 Be6 10. Rc1 f6 11. d4 exd4 12. Nxd4 Nxd4 13. Bxd4 c5 14. Be3 Qc8 15. Na4 Rd8 16. Qc2 Nxa4 17. Qxa4 b5 18. Qa3 Bd5 19. Bxc5 Bxg2 20. Kxg2 Qb7+ 21.
Qf3 Qd7 22. Rfd1 Qe6 23. Bxe7 Qxe7 24. Qb3+ Kh8 25. Rxd8+ Rxd8 26. Qxb5 Qe4+ 27. f3 Qe3 28. Qd3 Qb6 29. Qc3 Re8 30. Rc2 h6 31. h4 Qa6 32. Kf2 Qxa2 33. h5 Qa6 34. Qc4 Qa5 35. Qf7 Qe5 36. Qxa7 Qxh5 37. Kg2 Qb5 38. Qf2 Qb3 39. e4 Rd8 40. Qc5 Qd3 41. Qc3 Qd1 42. b4 f5 43. exf5 Rd3 44. Qc8+ Kh7 45. Qc6 Rd2+ 46. Rxd2 Qxd2+ 47. Kh3 Qxb4 48. Qg6+ Kh8 49. f6 gxf6 50. Qxh6+ Kg8 51. Qg6+ Kh8 52. Qxf6+ Kg8 53. Qg5+ Kf7 54. Qf5+ Ke7 55. Qe4+ Qxe4 56. fxe4 Kf6 57. Kg4 Ke5 58. Kh5 Kxe4 59. g4 Ke5 60. Kh6 Kf6 61. g5+ Kf7 62. Kh7 1-0

[Variant "Standard"]
[Site "Europe Echecs"]

[Event "Sunway Sitges Chess Festival"]
[Date "2024.12.22"]
[White "Charvein, Gabriel"]
[Black "Badenhorst, Chloe"]
[WhiteElo "2119"]
[BlackElo "1970"]
[Round "10.42"]
[Result "1/2-1/2"]
[TimeControl "40/5400+30:1800+30"]

1. e4 c6 2. Nf3 d5 3. Nc3 Bg4 4. h3 Bxf3 5. Qxf3 Nf6 6. exd5 cxd5 7. Bb5+ Nc6 8. d4 e6 9. O-O Bd6 10. Bf4 O-O 11. Ne2 a6 12. Bd3 Nb4 13. Bxd6 Qxd6 14. Nf4 Nxd3 15. Nxd3 Ne4 16. Rfe1 Rac8 17. c3 Rc7 18. Qe3 Qb6 19. Re2 Re7 20. Rae1 Rfe8 21. g4 f6 22. Kg2 Qd6 23. f4 b5 24. h4 Qd7 25. Qf3 Rf8 26. Qh3 Qc7 27. h5 h6 28. Re3 a5 29. a3 Qc4 30. Kg1 Qc7 31. Qh2 Qd7 32. Qg2 Rfe8 33. Qf3 Qc6 34. R1e2 Nd6 35. Re1 Ne4 36. R1e2 Qb6 37. Kh2 Nd6 38. Re1 Nf7 39. Qg3 Qc6 40. Kg1 Qd6 41. Kg2 Qc6 42. Kh2 Nd6 1/2-1/2

[Variant "Standard"]
[Site "Europe Echecs"]

[Event "Sunway Sitges Chess Festival"]
[Date "2024.12.22"]
[White "Fernandez Vazquez, Jorge"]
[Black "D Souza Kevin"]
[WhiteElo "1974"]
[BlackElo "1714"]
[Round "10.43"]
[Result "1-0"]
[TimeControl "40/5400+30:1800+30"]

1. c4 c5 2. g3 g6 3. Bg2 Bg7 4. Nf3 Nf6 5. d4 cxd4 6. Nxd4 O-O 7. O-O Nc6 8. Nc3 a6 9. c5 Qa5 10. Nb3 Qc7 11. Bf4 Ne5 12. Qd4 d6 13. cxd6 exd6 14. Rac1 Qb8 15. Qb4 Be6 16. Na5 Nh5 17. Be3 Nc6 18. Qb6 Nxa5 19. Qxa5 Qd8 20. Bb6 Qe7 21. Rfd1 Rfc8 22. Qb4 Bf8 23. Qe4 Rc6 24. Qe3 d5 25. Nxd5 Bxd5 26. Bxd5 Qxe3 27. Bxe3 Rxc1 28. Rxc1 Nf6 29. Bxb7 Rb8 30. Bxa6 Rxb2 31. Rc8 Kg7 32. a4 Bd6 33. Bc4 Rb1+ 34. Kg2 Ng4 35. Bd4+ Be5 36. Bc5 g5 37. Bf8+ Kf6 38. Rc6+ 1-0

[Variant "Standard"]
[Site "Europe Echecs"]

[Event "Sunway Sitges Chess Festival"]
[Date "2024.12.22"]
[White "Tin, Jingyao"]
[Black "Ilamparthi A R"]
[WhiteElo "2480"]
[BlackElo "2391"]
[Round "11.1"]
[Result "1-0"]
[TimeControl "40/5400+30:1800+30"]

1. d4 f5 2. Bg5 g6 3. Nc3 Bg7 4. h4 Nh6 5. Qd2 Nf7 6. Bf4 d6 7. O-O-O e5 8. dxe5 dxe5 9. Qe3 Nd7 10. Nf3 O-O 11. Bg5 Bf6 12. Nd5 Bxg5 13. hxg5 Kg7 14. Nf6 h5 15. Nxd7 Bxd7 16. Nxe5 Nxe5 17. Qxe5+ Kh7 18. e3 Re8 19. Qd5 Be6 20. Qxb7 Qxg5 21. Qxc7+ Re7 22. Qf4 Qf6 23. Bc4 Bxc4 24. Qxc4 Rb8 25. Rd4 Reb7 26. b3 Kh6 27. Rhd1 Re7 28. Kb1 Rbb7 29. Rd6 Qg5 30. g3 Re4 31. Qc8 Ree7 32. Qh8+ Rh7 33. Qf8+ Rbg7 34. Re6 h4 35. Rh1 1-0

[Variant "Standard"]
[Site "Europe Echecs"]

[Event "Sunway Sitges Chess Festival"]
[Date "2024.12.22"]
[White "Moussard, Jules"]
[Black "Gholami Orimi, Mahdi"]
[WhiteElo "2649"]
[BlackElo "2402"]
[Round "11.2"]
[Result "1-0"]
[TimeControl "40/5400+30:1800+30"]

1. c4 e6 2. Nc3 d5 3. d4 Bb4 4. cxd5 exd5 5. Bf4 Ne7 6. e3 c6 7. Bd3 Bf5 8. Ne2 O-O 9. Bxf5 Nxf5 10. Qb3 Qb6 11. O-O Bd6 12. Qc2 Bxf4 13. Nxf4 Nd6 14. Na4 Qd8 15. Nc5 Nd7 16. Ncd3 Qe7 17. Rfe1 Rfe8 18. Rad1 Rad8 19. Qa4 a6 20. Qb4 a5 21. Qxa5 Ra8 22. Qc3 Rxa2 23. Qb3 Rea8 24. f3 Nf6 25. Ne5 R2a5 26. Nfd3 Nd7 27. Qc2 Nf8 28. Nc5 Ng6 29. Ned3 Re8 30. b3 Raa8 31. Qf2 Nb5 32. Qd2 Qc7 33. Nf2 Ra3 34. Ra1 Rxa1 35. Rxa1 Ne7 36. Qd3 g6 37. Ng4 Kg7 38. Re1 Nf5 39. Qd2 Qe7 40. Nd3 Qa3 41. e4 h5 42. exf5 Rxe1+ 43. Qxe1 hxg4 44. fxg4 Qxb3 45. f6+ Kh7 46. Qe7 Qxd3 47. Qxf7+ Kh6 48. h4 Qe3+ 49. Kh2 Qf4+ 50. Kh3 Qe3+ 51. g3 1-0

[Variant "Standard"]
[Site "Europe Echecs"]

[Event "Sunway Sitges Chess Festival"]
[Date "2024.12.22"]
[White "Gholami Orimi, Mahdi"]
[Black "Moussard, Jules"]
[WhiteElo "2402"]
[BlackElo "2649"]
[Round "12.2"]
[Result "1-0"]
[TimeControl "40/5400+30:1800+30"]

1. d4 Nf6 2. c4 e6 3. Nc3 d5 4. cxd5 exd5 5. Bg5 c6 6. e3 h6 7. Bh4 Be7 8. Bd3 O-O 9. Qc2 Re8 10. h3 a5 11. a3 Nh5 12. Bxe7 Qxe7 13. Nge2 Nd7 14. O-O Qg5 15. Kh2 Ndf6 16. Ng1 Nd7 17. g4 Nhf6 18. Nf3 Nxg4+ 19. hxg4 Qxg4 20. Qe2 Nf6 21. Rh1 Ne4 22. Ne5 Qf5 23. Kg1 f6 24. Nxe4 dxe4 25. Bc4+ Be6 26. Rh5 Qh7 27. Bxe6+ Rxe6 28. Nc4 b5 29. Nd2 f5 30. Kh1 Rf8 31. d5 cxd5 32. Qxb5 Rd6 33. Rg1 Kh8 34. Qc5 Rdd8 35. Nb3 f4 36. Nd4 fxe3 37. fxe3 Rf6 38. Rxd5 Rdf8 39. Qe7 Qg8 40. Rd7 R8f7 41. Qd8 Rf8 42. Qc7 R8f7 43. Rxf7 Rxf7 44. Qe5 Qc8 45. Qe6 Qf8 46. Qxe4 Qb8 47. Nf5 Qc8 48. Rf1 g6 49. Qe5+ Kh7 50. Ng3 Qh3+ 51. Kg1 Rb7 52. Qf4 Qe6 53. Ne4 Re7 54. Nf6+ Kg7 55. e4 Qb6+ 56. Qf2 Qe6 57. Qd4 h5 58. Nxh5+ Kh6 59. Nf6 Qh3 60. Qd2+ Kg7 61. Qh2 Qe3+ 62. Kh1 Rf7 63. Qh7+ Kf8 64. Nd7+ Ke8 65. Qxf7+ Kd8 66. Qf8+ 1-0

[Variant "Standard"]
[Site "Europe Echecs"]

[Event "Sunway Sitges Chess Festival"]
[Date "2024.12.22"]
[White "Ilamparthi A R"]
[Black "Tin, Jingyao"]
[WhiteElo "2391"]
[BlackElo "2480"]
[Round "12.1"]
[Result "0-1"]
[TimeControl "40/5400+30:1800+30"]

1. e4 e5 2. Nf3 Nc6 3. Bc4 Nf6 4. Ng5 d5 5. exd5 Na5 6. Bb5+ c6 7. dxc6 bxc6 8. Qf3 Be7 9. Bd3 h6 10. Ne4 Nd5 11. Nbc3 Nb4 12. Ng3 Nxd3+ 13. cxd3 O-O 14. Nf5 Re8 15. Nxe7+ Qxe7 16. O-O Ba6 17. Re1 Rad8 18. Re3 c5 19. b3 Bb7 20. Qh3 Nc6 21. Ba3 Nb4 22. Rc1 Ba6 23. Bxb4 cxb4 24. Na4 Rd5 25. Nb2 Red8 26. Nc4 f6 27. f4 Kh8 28. fxe5 fxe5 29. Qg3 Qc5 30. Kh1 e4 31. dxe4 Rxd2 32. Ree1 Bxc4 33. Rxc4 Qf8 34. h3 R8d3 35. Qg4 Qf2 36. Qc8+ Kh7 37. Qf5+ Qxf5 38. exf5 Rg3 39. Rg1 a5 40. Kh2 Re3 41. Rc7 Rf2 42. Rd1 Ree2 43. Rg1 Rxf5 44. Ra7 Rxa2 45. Kg3 Rb2 46. Rd1 Rg5+ 47. Kh4 Rbxg2 48. Rdd7 Rf2 49.
Rd4 Rf3 50. Rc4 Rxb3 51. Rf4 Rc3 52.
Ra8 Rg1 53. Ra7 b3 54. Rb7 b2 0-1

[Variant "Standard"]
[Site "Europe Echecs"]

[Event "Sunway Sitges Chess Festival"]
[Date "2024.12.22"]
[White "Moussard, Jules"]
[Black "Gholami Orimi, Mahdi"]
[WhiteElo "2649"]
[BlackElo "2402"]
[Round "13.1"]
[Result "0-1"]
[TimeControl "40/5400+30:1800+30"]

1. e4 e5 2. Nf3 Nc6 3. Bc4 Nf6 4. d3 Bc5 5. O-O d6 6. c3 a5 7. Nbd2 O-O 8. h3 Be6 9. Bb5 Ba7 10. Re1 Ne7 11. d4 c6 12. Bd3 Ng6 13. Nf1 exd4 14. Nxd4 Re8 15. Ng3 Bd7 16. Ndf5 Bxf5 17. Nxf5 d5 18. exd5 Rxe1+ 19. Qxe1 Qxd5 20. Bc2 Re8 21. Qf1 Ne4 22. Be3 Bb8 23. Nd4 Qd6 24. f4 Nxf4 25. Bxf4 Qxf4 26. Qxf4 Bxf4 27. Re1 Nd6 28. Rxe8+ Nxe8 29. Kf2 g6 30. Kf3 Be5 31. Nb3 b6 32. Be4 c5 33. a4 Kf8 34. Nd2 Nd6 35. Bd3 f5 36. g4 Ke7 37. Nf1 fxg4+ 38. Kxg4 Bg7 39. Ne3 Ke6 40.
Bc4+ Ke5 41. Bg8 Ke4 42. Nd5 Nc4 43. Kg5 Nxb2 44. Nxb6 Bxc3 45. Bxh7 Bd2+ 46.
Kxg6 c4 47. Kf6+ Kd4 48. Bc2 Kc3 49. Bd1 Nxd1 50. h4 Kb3 51. h5 c3 0-1

[Variant "Standard"]
[Site "Europe Echecs"]

[Event "Sunway Sitges Chess Festival"]
[Date "2024.12.22"]
[White "Tin, Jingyao"]
[Black "Maurizzi, Marc`Andria"]
[WhiteElo "2480"]
[BlackElo "2477"]
[Round "14.1"]
[Result "1-0"]
[TimeControl "40/5400+30:1800+30"]

1. d4 Nf6 2. c4 e6 3. Nc3 d5 4. cxd5 exd5 5. Bg5 c6 6. e3 Be7 7. Bd3 h6 8. Bh4 O-O 9. Bg3 Re8 10. h3 Bd6 11. Bxd6 Qxd6 12. Qc2 Be6 13. Nf3 Nbd7 14. O-O Rac8 15. a3 c5 16. dxc5 Nxc5 17. Rfd1 a6 18. Nd4 Bd7 19. Qe2 Qe5 20. Bc2 Nce4 21. Nxe4 dxe4 22. Bb3 Qg5 23. Kh1 Qh4 24. Qf1 Rc5 25. Ne2 Bb5 26. Qe1 Bd7 27. Nf4 Bc6 28. Rd6 Rb5 29. g3 Qg5 30. Qc3 Qc5 31. Qxc5 Rxc5 32. Rd2 Bd7 33. Kg2 Bc6 34. Rad1 Kf8 35. Ba2 Ke7 36. Ne2 Rc8 37. Nc3 h5 38. Rd4 Re5 39. R1d2 Rc5 40. Kf1 Bd7 41. Kg2 Bc6 42. Rd1 Re5 43. Bc4 Rg5 44. Be2 Re5 45. Na2 Rd5 46. Nb4 Rxd4 47. Rxd4 Bd7 48. Bc4 Be6 49. Bxe6 Kxe6 50. Rd2 a5 51. Nc2 Ke5 52. Nd4 Nd5 53. g4 hxg4 54. hxg4 g6 55. f4+ exf3+ 56. Nxf3+ Ke6 57. Ng5+ Ke5 58. Nxf7+ Kf6 59. Rxd5 Kxf7 60. Rd7+ Ke6 61. Rxb7 Ke5 62. Kf3 Rc2 63. Rb5+ Kf6 64. a4 Ke6 65. b3 Rb2 66. Ke4 Rg2 67. Kf4 Rb2 68. Kg5 1-0

[Variant "Standard"]
[Site "Europe Echecs"]

[Event "Sunway Sitges Chess Festival"]
[Date "2024.12.22"]
[White "Li, Di"]
[Black "Gholami Orimi, Mahdi"]
[WhiteElo "2440"]
[BlackElo "2402"]
[Round "14.2"]
[Result "1-0"]
[TimeControl "40/5400+30:1800+30"]

1. Nf3 d5 2. d4 Nf6 3. c4 e6 4. g3 Bb4+ 5. Bd2 Bd6 6. Bg2 O-O 7. O-O Nc6 8. Bc3 Ne4 9. Qc2 f5 10. Nbd2 a5 11. Rfd1 Qf6 12. e3 b6 13. Rac1 Bb7 14. Ne1 a4 15. Nd3 a3 16. b4 dxc4 17. Nxc4 Ne7 18. Ba1 Nd5 19. Nce5 Rfd8 20. Nc6 Rdc8 21. b5 Re8 22. Nde5 h5 23. h4 g5 24. Bxe4 fxe4 25. hxg5 Qxg5 26. Qxe4 Bxc6 27. Rxc6 Re7 28. Nc4 Bxg3 29. fxg3 Rg7 30. Qxe6+ Kh7 31. Qe4+ Kg8 32. Qe5 Qxe5 33. dxe5 1-0

[Variant "Standard"]
[Site "Europe Echecs"]

[Event "Sunway Sitges Chess Festival"]
[Date "2024.12.22"]
[White "Ilamparthi A R"]
[Black "Moussard, Jules"]
[WhiteElo "2391"]
[BlackElo "2649"]
[Round "14.3"]
[Result "1-0"]
[TimeControl "40/5400+30:1800+30"]

1. e4 a6 2. Nf3 e6 3. d4 d5 4. e5 c5 5. c3 Bd7 6. Be2 cxd4 7. cxd4 Bb5 8. Nc3 Bxe2 9. Qxe2 Nc6 10. O-O Bb4 11. Nd1 Nge7 12. Ne3 Ba5 13. Rd1 Rc8 14. h4 Bb6 15. b3 Ba5 16. Bb2 Qd7 17. g3 h6 18. Kg2 Kd8 19. Ne1 Bxe1 20. Qxe1 Kc7 21. Ba3 Kb8 22. Bd6+ Ka8 23. b4 Na7 24. a4 b6 25. Qe2 Kb7 26. Qg4 g6 27. a5 Nb5 28. axb6 Nxd6 29. exd6 Qxd6 30. b5 a5 31. Rxa5 Ra8 32. Ra6 Rxa6 33. bxa6+ Kxb6 34. Rb1+ Ka7 35. Qf3 Rb8 36. Rxb8 Kxb8 37. Qxf7 Ka7 38. Ng4 h5 39. Ne5 Kxa6 40. Nxg6 Nf5 41. Qf6 Qb6 42. Nf4 Nxd4 43. Nxh5 Kb5 44. Nf4 Kc4 45. Qe5 Qb7 46. h5 Qh7 47. g4 Qg8 48. g5 Nc6 49. Qe2+ Kc5 50. Qg4 Ne5 51. Qg3 Nf7 52. Nxe6+ Kc4 53. g6 Nh6 54. Qf4+ Kc3 55. Qxh6 Qxe6 56. Qe3+ Qxe3 57. fxe3 1-0

[Variant "Standard"]
[Site "Europe Echecs"]

[Event "Sunway Sitges Chess Festival"]
[Date "2024.12.22"]
[White "Maurizzi, Marc`Andria"]
[Black "Tin, Jingyao"]
[WhiteElo "2477"]
[BlackElo "2480"]
[Round "15.1"]
[Result "0-1"]
[TimeControl "40/5400+30:1800+30"]

1. e4 e5 2. Nf3 Nc6 3. Bc4 Nf6 4. d3 Bc5 5. O-O d6 6. c3 a6 7. Nbd2 Ba7 8. Re1 Na5 9. Bd5 c6 10. Bxf7+ Kxf7 11. b4 Re8 12. bxa5 Qxa5 13. Nc4 Qc7 14. Qb3 Kf8 15. Ba3 c5 16. d4 Be6 17. d5 Bd7 18. Ncd2 b5 19. c4 Bb6 20. Bb2 Ba5 21. Bc3 Kg8 22. h3 Rf8 23. Rec1 Bxc3 24. Qxc3 b4 25. Qe3 a5 26. Ne1 a4 27. Nd3 Nh5 28. Nf3 Nf4 29. Nxf4 Rxf4 30. Ne1 Raf8 31. Nd3 R4f6 32. Kh2 Be8 33. f3 h6 34. Rc2 Qe7 35. Rf2 Bd7 36. Raf1 Bc8 37. Rc2 Kh8 38. Rcc1 a3 39. Rc2 R6f7 40. Nc1 Rf6 41. Ne2 R6f7 42. Nc1 Rf6 43. Nd3 R6f7 44. Kg1 Qg5 45. Qxg5 hxg5 46. Kf2 g6 47. Ke3 Kg7 48. Rb1 Bxh3 49. gxh3 Rxf3+ 50. Kd2 Rxh3 51. Re1 Rff3 52. Nc1 g4 53. Kd1 Kf6 54. Rg2 Kg5 55. Reg1 Rf4 56. Re2 Rc3 57. Kd2 Rxc4 58. Nd3 Rfxe4 59. Rxe4 Rxe4 60. Nf2 Rd4+ 61.
Ke3 Kf5 62. Rf1 Rf4 63. Rg1 Rf3+ 64.
Ke2 Rf4 65. Nd1 Re4+ 66. Ne3+ Kg5 67.
Kd3 Rd4+ 68. Ke2 Re4 69. Kf2 Rf4+ 70.
Kg2 Rd4 71. Rc1 Rd2+ 72. Kg3 Rd3 73.
Kf2 Kf4 74. Nc4 Rxd5 75. Ke2 Rd4 76.
Ne3 Kg5 77. Nc2 Rc4 78. Kd2 Rf4 79. Kd3 d5 80. Ne3 c4+ 81. Ke2 Rd4 82. Nc2 Re4+ 83. Kd2 b3 84. axb3 cxb3 85. Nxa3 g3 86. Nb5 Kg4 87. Nc3 Rc4 88. Re1 e4 89. Nd1 Rc2+ 90. Ke3 b2 91. Kd4 Rc1 92. Rh1 0-1

[Variant "Standard"]
[Site "Europe Echecs"]